 Dungeon Crawl Stone Soup version 0.30.1-4-g462c640d31 (webtiles) character file.

Game seed: 14175770624989924497

4755 spardeous the Destroyer (level 10, -16/69 HPs)
             Began as a Demigod Conjurer on Sept 4, 2023.
             Demolished by a two-headed ogre
             ... wielding a +0 giant spiked club
              (28 damage)
             ... on level 8 of the Dungeon.
             The game lasted 00:14:31 (10938 turns).

spardeous the Destroyer (Demigod Conjurer)         Turns: 10938, Time: 00:14:31

Health: -16/69     AC: 22    Str: 16    XL:     10   Next: 3%
Magic:  20/26      EV:  9    Int: 33    God:
Gold:   155        SH:  0    Dex: 14    Spells: 14/25 levels left

rFire   . . .        M - +1 dagger "Raegosm" {flame, rPois rN+}
rCold   . . .        h - orb {*channel}
rNeg    + . .        k - +4 scale mail of Polytheism {Int+3 Dex+2 Slay+4 Stlth-}
rPois   +            i - +0 helmet
rElec   .            T - +2 cloak
rCorr   .            S - +2 pair of gloves {infuse}
SInv    .            a - +0 pair of boots
Will    +....        (no amulet) Stlth
                     g - +4 ring of protection
HPRegen 0.31/turn    C - +6 ring of intelligence
MPRegen 0.20/turn

%: channel magic (20%), infuse magic (1 MP)
@: stuck, very slightly contaminated
A: high MP 1, forlorn, divine attributes
a: no special abilities


You were on level 8 of the Dungeon.
You visited 1 branch of the dungeon, and saw 8 of its levels.
You also visited: Ossuary.

You collected 499 gold pieces.
You spent 344 gold pieces at shops.

Inventory:

Hand Weapons
 E - a +1 heavy war axe
 F - a +4 falchion
 M - the +1 dagger "Raegosm" (weapon) {flame, rPois rN+}
   (You found it on level 7 of the Dungeon)

   rPois:     It protects you from poison.
   rN:        It protects you from negative energy.
 N - the +5 falchion "Otetoyn" {flame, Contam rCorr Int+2}
   (You found it on level 7 of the Dungeon)

   Int:       It affects your intelligence (+2).
   Contam:    It causes magical contamination when unequipped.
   rCorr:     It protects you from acid and corrosion.
Armour
 a - a +0 pair of boots (worn)
 h - an orb of energy (worn)
 i - a +0 helmet (worn)
 k - the +4 scale mail of Polytheism (worn) {Int+3 Dex+2 Slay+4 Stlth-}
   (You found it on level 2 of the Dungeon)

   Int:       It affects your intelligence (+3).
   Dex:       It affects your dexterity (+2).
   Slay:      It affects your accuracy & damage with ranged weapons and melee
   (+4).
   Stlth:     It makes you less stealthy.
 G - a +0 buckler
 S - a +2 pair of gloves of infusion (worn)
 T - a +2 cloak (worn)
Magical Staves
 q - a staff of death
 D - a staff of fire
Jewellery
 g - a +4 ring of protection (left hand)
 o - a ring of flight
 y - a ring of willpower
 C - a +6 ring of intelligence (right hand)
 Q - a +6 ring of intelligence
Wands
 p - a wand of flame (3)
 O - a wand of polymorph (9)
Scrolls
 c - 2 scrolls of blinking
 e - 2 scrolls of fog
 l - a scroll of brand weapon
 m - 2 scrolls of enchant weapon
 n - 3 scrolls of immolation
 z - 3 scrolls of fear
 A - 3 scrolls of teleportation
 B - a scroll of noise
 K - 3 scrolls of enchant armour
 P - 3 scrolls of amnesia {unknown}
 R - a scroll of identify
Potions
 b - 2 potions of magic
 d - a potion of lignification
 f - 5 potions of mutation {unknown}
 j - 4 potions of curing
 r - 2 potions of resistance
 s - 4 potions of degeneration {unknown}
 t - 3 potions of attraction
 u - a potion of berserk rage
 v - a potion of flight
 x - 2 potions of haste
 H - a potion of cancellation
 I - 2 potions of invisibility
 J - 2 potions of ambrosia
 L - 2 potions of brilliance


   Skills:
 - Level 1.7 Dodging
 - Level 1.7 Stealth
 + Level 8.4 Spellcasting
 + Level 9.7 Conjurations
 - Level 3.7 Translocations
 - Level 3.7 Poison Magic


You had 14 spell levels left.
You knew the following spells:

 Your Spells              Type           Power      Damage    Failure   Level
a - Magic Dart            Conj           100%       1d8       2%          1
b - Searing Ray           Conj           100%       2d8       3%          2
c - Iskenderun's Mystic   Conj/Tloc      55%        2d12      21%         4
r - Olgreb's Toxic Radia  Pois           38%        N/A       47%         4

Your spell library contained the following spells:

 Spells                   Type           Power      Damage    Failure   Level
 Dazzling Flash           Conj/Hex       92%        N/A       16%         3
 Cigotuvi's Dreadful Rot  Necr/Pois/Air  44%        N/A       28%         2
 Fulminant Prism          Conj/Hex       23%        3d12      36%         4
 Ignite Poison            Fire/Tmut/Pois 22%        N/A       43%         3
 Freezing Cloud           Conj/Ice/Air   17%        6-21      85%         5
 Discord                  Hex            6%         N/A       100%        8
 Ignition                 Fire           6%         3d4       100%        8


Dungeon Overview and Level Annotations

Branches:
Dungeon (8/15)             Temple (0/1) D:6            Lair (0/5) D:8
Ossuary (visited)

Shops:
D:7 [


Innate Abilities, Weirdness & Mutations

You have an increased reservoir of magic. (+10% MP)
You shall have no god before yourself.
Your divine heritage dramatically boosts your attributes as you level up.


Message History

The searing ray hits the two-headed ogre!
The two-headed ogre is heavily wounded. (Press . to maintain the ray.) Magical energy flows into your mind!
The two-headed ogre hits you with a +0 giant spiked club!
The two-headed ogre closely misses you.
You take 14 damage, and have 40/69 hp.
MASSIVE DAMAGE!!
The searing ray hits the two-headed ogre!
The two-headed ogre is severely wounded.
You now have 21/26 mp.
The searing ray hits the two-headed ogre.
The two-headed ogre is severely wounded.
The two-headed ogre hits you but does no damage.
The two-headed ogre hits you with a +0 giant club!
* * * LOW HITPOINT WARNING * * *
You take 9 damage, and have 31/69 hp.
You now have 20/26 mp.
The searing ray hits the two-headed ogre.
The two-headed ogre is severely wounded.
You finish channelling your searing ray.
The two-headed ogre hits you with a +0 giant spiked club.
* * * LOW HITPOINT WARNING * * *
The two-headed ogre hits you with a +0 giant club!
* * * LOW HITPOINT WARNING * * *
You take 20 damage, and have 11/69 hp.
MASSIVE DAMAGE!!
You now have 19/26 mp.
Casting: Searing Ray (safe; 3% risk of failure)
Confirm with . or Enter, or press ? or * to list all spells.
Okay, then.
Casting: Searing Ray (safe; 3% risk of failure)
Confirm with . or Enter, or press ? or * to list all spells.
You miscast Iskenderun's Mystic Blast.
You are very lightly contaminated with residual magic.
Strange energies run through your body.
You are magically locked in place.
Magical energy flows into your mind!
There are monsters nearby!
Casting: Iskenderun's Mystic Blast (dangerous; 21% risk of failure)
Confirm with . or Enter, or press ? or * to list all spells.
You miscast Iskenderun's Mystic Blast.
Nothing appears to happen.
Magical energy flows into your mind!
The two-headed ogre hits you with a +0 giant spiked club!!
You die...

..# #.......# ..#
#.......# ..# #.......#
. <.### #.......# ..
....## #.......# ...
.....###..#.#### ....
..........#.# .....
..........#.######......
..........#.##..@Oo#
..........#..<.#####
..........#.....#
..........#.....#
..........#.....##
.................#
.........#......##
.........)......#
................#


You could see a two-headed ogre and an orc.

Vanquished Creatures
  Grinder (D:6)
  A yak (D:8)
  Menkaure (Ossuary)
  A steam dragon (D:8)
  3 water moccasins
  An orc warrior (D:8)
  9 black bears
  A centaur (D:8)
  2 ogres (D:5)
  A phantom (D:4)
  5 bullfrogs
  3 elf zombies (Ossuary)
  2 scorpions
  8 wights
  5 killer bees (D:7)
  A howler monkey (D:8)
  2 electric eels (D:7)
  2 centaur zombies (Ossuary)
  A human zombie (Ossuary)
  3 hounds
  3 jellies
  4 orc priests
  A sleepcap (D:6)
  3 gnoll boudas
  3 iguanas
  4 orc wizards
  3 ogre zombies (Ossuary)
  6 mummies (Ossuary)
  21 gnolls
  7 adders
  2 white imps (D:5)
  3 ufetubi
  2 adder zombies (Ossuary)
  2 dart slugs (D:1)
  27 orcs
  8 bats
  6 endoplasms
  6 giant cockroaches
  8 goblins
  7 hobgoblins
  5 jackals
  3 quokkas
  6 ball pythons
  2 frilled lizards
  3 goblin zombies (Ossuary)
  2 hobgoblin zombies (Ossuary)
  9 kobolds
  9 kobold zombies (Ossuary)
  3 quokka zombies (Ossuary)
  A rat (D:2)
  2 rat zombies (Ossuary)
224 creatures vanquished.

Notes
Turn   | Place    | Note
-------+----------+-------------------------------------------
     0 | D:1      | spardeous the Demigod Conjurer began the quest for the Orb.
     0 | D:1      | Reached XP level 1. HP: 14/14 MP: 5/5
   322 | D:1      | Reached XP level 2. HP: 19/20 MP: 2/7
   551 | D:1      | Reached skill level 4 in Conjurations
  1281 | D:1      | Learned a level 2 spell: Searing Ray
  1294 | D:1      | Reached XP level 3. HP: 21/26 MP: 3/9
  1929 | D:2      | Identified the +4 scale mail of Polytheism {Int+3 Dex+2
                  | Slay+4 Stlth-}
  2015 | D:2      | Reached XP level 4. HP: 33/33 MP: 9/11
  3352 | D:4      | Reached XP level 5. HP: 38/38 MP: 8/13
  3362 | D:3      | Reached skill level 5 in Conjurations
  3586 | D:4      | Learned a level 4 spell: Iskenderun's Mystic Blast
  3669 | D:4      | Reached XP level 6. HP: 45/45 MP: 3/15
  4409 | D:4      | Reached skill level 6 in Conjurations
  4605 | D:5      | Entered Level 5 of the Dungeon
  4648 | D:5      | Reached XP level 7. HP: 50/50 MP: 9/17
  4708 | D:5      | Reached skill level 5 in Spellcasting
  5363 | D:5      | Reached skill level 7 in Conjurations
  6130 | D:5      | Reached XP level 8. HP: 57/57 MP: 18/20
  6135 | D:5      | Learned a level 4 spell: Olgreb's Toxic Radiance
  6352 | D:6      | Reached skill level 8 in Conjurations
  6472 | D:6      | Noticed Grinder
  6484 | D:6      | Killed Grinder
  6545 | D:6      | Found a staircase to the Ecumenical Temple.
  6570 | D:6      | Found a sand-covered staircase.
  6584 | Ossuary  | Entered an ossuary
  6705 | Ossuary  | Noticed Menkaure
  6722 | Ossuary  | Killed Menkaure
  6723 | Ossuary  | Reached skill level 1 in Translocations
  6723 | Ossuary  | Reached skill level 1 in Poison Magic
  7155 | Ossuary  | Reached XP level 9. HP: 58/62 MP: 23/23
  8422 | D:7      | Identified the +1 dagger "Raegosm" {flame, rPois rN+}
  8961 | D:7      | Identified the +5 falchion "Otetoyn" {flame, Contam rCorr
                  | Int+2}
  9000 | D:7      | Found Odonif Miso's Antique Armour Shop.
  9424 | D:7      | Bought a pair of glowing gloves for 172 gold pieces
  9424 | D:7      | Bought a glowing cloak for 172 gold pieces
 10149 | D:8      | Reached skill level 9 in Conjurations
 10762 | D:8      | Reached XP level 10. HP: 69/69 MP: 21/26
 10823 | D:8      | Found a staircase to the Lair.
 10927 | D:8      | Noticed a two-headed ogre
 10938 | D:8      | Demolished by a two-headed ogre

Illustrated notes

Levels and vault maps discovered:
D:1:      lemuel_arrival_tunnels, layout_basic, hangedman_decor_points
D:2:      minmay_diamond_boxcup, layout_loops_ring, cheibrodos_gnoll_hut
D:3:      layout_rooms, hellmonk_ecumenical_altar_dog_temple
D:4:      layout_basic
D:5:      layout_basic
D:6:      layout_gridville, minmay_temple_entry_fiery,
          nicolae_ossuary_entry_monument, uniq_grinder
D:7:      layout_gridville, nicolae_ashenzari_panopticon, vehumet_crystals,
          nicolae_inconvenience_store
D:8:      layout_rooms, due_lair_maze_entry_diamond, minmay_puff

Skill      XL: |  1  2  3  4  5  6  7  8  9 |
---------------+----------------------------+-----
Spellcasting   | 2 3 4 6 7 8 |  8.4
Conjurations   | 4 5 6 7 8 9 |  9.7
Translocations | 2 3 |  3.7
Poison Magic   | 2 3 |  3.7
Dodging        | |  1.7
Stealth        | |  1.7

Action                     |  1- 3 |  4- 6 |  7- 9 | 10-12 || total
---------------------------+-------+-------+-------+-------++-------
  Melee: Unarmed           |     1 |       |       |       ||     1
         Falchion          |       |       |    97 |       ||    97
         Staff             |       |       |     5 |       ||     5
         Dagger            |       |       |    29 |       ||    29
   Cast: Magic Dart        |    81 |    59 |    21 |       ||   161
         Searing Ray       |     2 |    23 |    95 |     5 ||   125
         Iskenderun's Myst |       |       |     1 |       ||     1
    Use: Scroll            |       |       |    20 |       ||    20
 Armour: Robe              |     7 |     1 |       |       ||     8
         Ring mail         |       |     6 |       |       ||     6
         Scale mail        |       |     6 |   159 |     5 ||   170
  Dodge: Dodged            |    15 |    28 |   134 |     3 ||   180
